 Dungeon Crawl Stone Soup version 0.21.0-24-g2553a3340b (webtiles) character file.

115764 Peloso the Fencer (level 16, -6/139 HPs)
             Began as a Demonspawn Fighter on Jan 22, 2018.
             Was the Champion of Okawaru.
             Killed from afar by Nikola (26 damage)
             ... with a chain lightning
             ... on level 2 of the Snake Pit.
             The game lasted 01:25:36 (30762 turns).

Peloso the Fencer (Demonspawn Fighter)             Turns: 30762, Time: 01:25:36

Health: -6/139     AC: 33    Str: 37    XL:     16   Next: 19%
Magic:  8/8        EV: 11    Int: 17    God:    Okawaru [******]
Gold:   1813       SH: 15    Dex: 13    Spells: 15/15 levels left

rFire    + . .     SeeInvis .   a - +2 demon blade (flame)
rCold    + . .     Gourm    +   c - +0 shield
rNeg     + . .     Faith    .   C - +3 plate armour {rF+}
rPois    +         Spirit   .   t - -2 helmet "Hedogo" {Str+6 Int+4}
rElec    .         Reflect  .   F - +1 cloak {rPois}
rCorr    .         Harm     .   p - +0 pair of gloves
MR       +....                  A - +2 pair of boots {run}
Stlth    ..........             R - amulet "Xunkah" {Gourm *Corrode Str+8}
HPRegen  0.33/turn              S - ring of Fuvebb {rPois rN+ MP-9 Int+3}
MPRegen  0.11/turn              v - +5 ring of protection

@: quick
A: talons 1, icy blue scales 3, powered by pain 3, robust 1, spiny 2
a: Heroism, Finesse, Renounce Religion


You were on level 2 of the Snake Pit.
You worshipped Okawaru.
Okawaru was exalted by your worship.
You were full.

You visited 5 branches of the dungeon, and saw 26 of its levels.
You also visited: Labyrinth, Sewer, Ossuary and Volcano.

You collected 2089 gold pieces.
You spent 276 gold pieces at shops.

Inventory:

Hand Weapons
 a - a +2 demon blade of flaming (weapon)
 G - the +8 battleaxe "Vusuasuq" {freeze, *Rage +Blink rPois, unknown}
   (You found it on level 2 of the Snake Pit)

   It has been specially enchanted to freeze those struck by it, causing extra
   injury to most foes and up to half again as much damage against particularly
   susceptible opponents.
   It can also slow down cold-blooded creatures.
   It protects you from poison.
   It lets you blink.
   It may make you go berserk in combat.
 T - the +11 hand crossbow of Eternal Vigilance {freeze, *Drain rPois Int+4 Dex+3}
   (You found it in a labyrinth)

   It causes projectiles fired from it to freeze those they strike, causing
   extra injury to most foes and up to half again as much damage against
   particularly susceptible opponents.
   They can also slow down cold-blooded creatures.
   It affects your intelligence (+4).
   It affects your dexterity (+3).
   It protects you from poison.
   It causes draining when unequipped.
Missiles
 H - 2 bolts
Armour
 c - a +0 shield (worn)
 p - a +0 pair of gloves (worn)
 q - a +0 helmet
 t - the -2 helmet "Hedogo" (worn) {Str+6 Int+4}
   (You found it on level 1 of the Snake Pit)

   It affects your strength (+6).
   It affects your intelligence (+4).
 A - a +2 pair of boots of running (worn)
 C - a +3 plate armour of fire resistance (worn)
 F - a +1 cloak of poison resistance (worn)
Jewellery
 h - an uncursed ring of protection from cold
 v - a +5 ring of protection (right hand)
 y - a +4 amulet of reflection
 E - a +3 ring of slaying
 M - the ring "Saty" {+Blink EV+5 Slay+3}
   (You took it off a minotaur in a labyrinth)

   [ring of evasion]

   It affects your evasion (+5).
   It affects your accuracy and damage with ranged weapons and melee attacks
   (+3).
   It lets you blink.
 R - the amulet "Xunkah" (around neck) {Gourm *Corrode Str+8}
   (You took it off a death knight on level 14 of the Dungeon)

   [amulet of the gourmand]

   It allows you to eat raw meat even when not hungry.
   It affects your strength (+8).
   It may corrode you when you take damage.
 S - the ring of Fuvebb (left hand) {rPois rN+ MP-9 Int+3}
   (You took it off a centaur warrior on level 14 of the Dungeon)

   [ring of intelligence]

   It affects your intelligence (+3).
   It protects you from poison.
   It protects you from negative energy.
   It affects your magic capacity (-9).
 Y - an uncursed ring of resist corrosion
Wands
 k - a wand of disintegration (25)
 D - a wand of flame (36)
 L - a wand of paralysis (15)
 P - a wand of iceblast (5)
Scrolls
 b - 2 scrolls of blinking
 g - 5 scrolls of teleportation
 i - 3 scrolls of amnesia
 l - 11 scrolls of remove curse
 n - 2 scrolls of magic mapping
 o - 11 scrolls of identify
 u - 2 scrolls of silence
 w - a scroll of fear
 x - a scroll of enchant weapon
 I - a scroll of summoning
 O - 2 scrolls of enchant armour
Potions
 d - 2 potions of heal wounds
 e - 6 potions of haste
 j - 9 potions of curing
 m - 4 potions of resistance
 r - 7 potions of invisibility
 s - 4 potions of agility
 z - 3 potions of might
 B - 2 potions of flight
 W - 3 potions of berserk rage
Books
 N - a book of Party Tricks

   Spells                             Type                      Level
   a - Summon Butterflies             Summoning                    1
   b - Apportation                    Translocation                1
   c - Lesser Beckoning               Translocation                3
   d - Tukima's Dance                 Hexes                        3
   e - Alistair's Intoxication        Transmutation/Poison         5
   f - Invisibility                   Hexes                        6
Comestibles
 f - 46 rations


   Skills:
 + Level 12.0 Fighting
 + Level 15.4 Long Blades
 + Level 1.4 Axes
 + Level 10.9 Armour
 + Level 5.6 Dodging
 + Level 2.2 Stealth
 + Level 14.7 Shields
 + Level 2.0 Invocations
 + Level 1.3 Evocations


You had 15 spell levels left.
You didn't know any spells.

Dungeon Overview and Level Annotations

Branches:
Dungeon (15/15)            Temple (1/1) D:4            Lair (6/6) D:9
  Swamp (0/4) Lair:4        Snake (2/4) Lair:4        Slime (0/5) Lair:5
    Orc (2/2) D:11            Elf (0/3) Orc:2        Vaults (0/5) D:13
 Depths (0/5) D:15

Altars:
Ashenzari
Cheibriados
Dithmenos
Elyvilon
Fedhas
Gozag
Hepliaklqana
Kikubaaqudgha
Makhleb
Nemelex Xobeh
Okawaru
Qazlal
Ru
Sif Muna
Trog
Uskayaw
Vehumet
Wu Jian
Xom
Yredelemnul
Zin
The Shining One
Beogh
Jiyva

Shops:
D:5 !   D:7 %   D:13 }!   Orc:2 %(=(}([

Portals:
Trove: D:13 (give 6 potions of agility)

Annotations:
Snake:2 Nikola, Vashnia


Innate Abilities, Weirdness & Mutations

You have sharp toenails.
You are completely covered in icy blue scales. (AC +4, rC+)
You are powered by pain.
You are robust. (+10% HP)
You are mostly covered in sharp spines.


Message History

* * * LOW HITPOINT WARNING * * *
Unknown command.
You barely miss Nikola.
Nikola is severely wounded.
Unknown command.
You slash Nikola! You burn Nikola.
Nikola is severely wounded.
Nikola says, "There's a spark of magic in your eyes."
Nikola hits you but does no damage.
You are electrocuted!
* * * LOW HITPOINT WARNING * * *
Unknown command.
You slash Nikola! You burn Nikola.
Nikola is almost dead.
Unknown command.
You slash Nikola! You burn Nikola.
Nikola is almost dead.
Nikola mumbles some strange words.
You hear a mighty clap of thunder!
The lightning arc hits you!
You die...

##........# #........
####.....##..# ##.......
#.#...######.#####...####
##....# #....<†..# #
###.###.# ##.######.# ##
#..## #.###.## .####.
#.#..# #..#..# ##......
##.#.## ##....# ##.......
#.###.###.@##..#
##....###. ##
#...#@####.##..#...####
##....# #...# #...##.
#....## ##..## ..#...
#.##..###....###..#..#
#.###......##..#..##...
## #...##..###...##.##
##..###.# ##.###.#. #.##
## ##......


You could see Nikola.

Vanquished Creatures
  Roxanne (D:14)
  Aizul (Snake:2)
  An orc warlord (Orc:2)
  A very ugly thing (D:14)
  A dire elephant (Lair:6)
  An ettin (D:11)
  Snorg (Lair:3)
  A minotaur (Lab)
  A great orb of eyes (D:14)
  5 naga warriors (Snake:1)
  5 hydras
  4 catoblepae
  An ice dragon (D:14)
  13 two-headed ogres
  3 centaur warriors
  An ogre mage (D:15)
  2 anacondas
  5 naga sharpshooters
  2 death knights
  A tengu warrior (D:15)
  2 orc high priests
  A hell hog (Volcano)
  A shock serpent (shapeshifter) (D:13)
  Urug (Lair:4)
  A shock serpent (Snake:1)
  9 skeletal warriors
  3 unseen horrors
  A naga ritualist (Snake:1)
  3 wizards
  5 deep elf magi
  5 mana vipers
  A lindwurm (Lair:6)
  The ghost of Thargor the Slasher, a novice HuBe of Trog (D:5)
  3 orc sorcerers (Orc:2)
  15 ugly things
  7 manticores
  A faun (shapeshifter) (D:13)
  A salamander (Volcano)
  2 cyclopes (D:14)
  A guardian serpent (Snake:1)
  13 black mambas
  4 naga magi
  A torpor snail (Lair:6)
  2 gargoyles
  9 spiny frogs
  8 kobold demonologists
  4 freezing wraiths
  3 rime drakes
  4 komodo dragons
  A tengu conjurer (D:15)
  5 trolls
  A polar bear (Lair:5)
  A hornet (D:14)
  Prince Ribbit (D:7)
  5 blink frogs
  10 slime creatures
  12 hippogriffs
  46 yaks
  Sigmund (D:5)
  Grum (D:8)
  3 wyverns
  2 shadows (D:14)
  A wraith (D:12)
  2 fire bats (Volcano)
  3 hungry ghosts
  3 basilisks
  3 vampire mosquitoes
  11 nagas
  2 acid dragons
  2 wargs
  12 water moccasins
  8 porcupines
  2 ice beasts
  3 sky beasts
  A black bear (D:12)
  35 orc warriors
  An eye of draining (D:12)
  A necrophage (D:12)
  27 wolves
  5 centaurs
  13 ogres
  9 crocodiles
  9 big kobolds
  18 bullfrogs
  2 elf zombies (Ossuary)
  2 wyvern skeletons
  A water moccasin skeleton (D:12)
  3 scorpions
  4 killer bees (D:13)
  2 wights (D:14)
  7 howler monkeys
  2 electric eels (Lair:2)
  5 centaur zombies
  9 crimson imps
  A hound (shapeshifter) (D:13)
  10 hounds
  13 jellies
  25 orc priests
  Crazy Yiuf (D:7)
  3 bullfrog skeletons
  2 centaur skeletons
  2 iguanas
  24 orc wizards
  8 worker ants
  2 big kobold zombies (Ossuary)
  A hound zombie (D:6)
  2 hound skeletons
  A howler monkey zombie (D:5)
  4 mummies (Ossuary)
  A worker ant zombie (D:10)
  13 adders
  A howler monkey skeleton (D:4)
  3 river rats (Sewer)
  2 shadow imps
  28 oozes
  2 adder zombies (Ossuary)
  An adder skeleton (D:5)
  12 worms
  5 dart slugs
  5 leopard geckos
  126 orcs
  8 bats
  6 giant cockroaches
  A gnoll zombie (Ossuary)
  8 goblins
  6 hobgoblins
  9 jackals
  27 kobolds
  3 quokkas
  7 ball pythons
  5 frilled lizards
  2 goblin zombies (Ossuary)
  A hobgoblin zombie (Ossuary)
  A kobold zombie (Ossuary)
  A leopard gecko skeleton (D:4)
  An orc zombie (Ossuary)
  17 rats
  A butterfly (Lair:6)
862 creatures vanquished.

Vanquished Creatures (others)
  Nessos (D:14)
  A cyclops (D:13)
  A manticore (Lair:6)
  A wight (D:14)
  3 orcs
  4 fungi (Lair:4)
11 creatures vanquished.

Grand Total: 873 creatures vanquished

Notes
Turn   | Place    | Note
-------+----------+-------------------------------------------
     0 | D:1      | Peloso the Demonspawn Fighter began the quest for the Orb.
     0 | D:1      | Reached XP level 1. HP: 18/18 MP: 1/1
   179 | D:1      | Gained mutation: You sometimes gain a little power by taking damage. [demonic ancestry]
   179 | D:1      | Reached XP level 2. HP: 21/24 MP: 2/2
   182 | D:1      | Reached skill level 2 in Long Blades
   693 | D:2      | Reached XP level 3. HP: 28/29 MP: 3/3
   760 | D:2      | Found a basalt altar of Yredelemnul.
  1469 | D:2      | Gained mutation: You sometimes gain power by taking damage. [demonic ancestry]
  1469 | D:2      | Reached XP level 4. HP: 19/35 MP: 4/4
  2361 | D:3      | Found a sacrificial altar of Ru.
  2382 | D:3      | Reached skill level 3 in Long Blades
  2385 | D:3      | Reached XP level 5. HP: 22/41 MP: 5/5
  2563 | D:3      | Found a blossoming altar of Fedhas.
  3184 | D:4      | Found a staircase to the Ecumenical Temple.
  3197 | D:4      | Reached XP level 6. HP: 12/47 MP: 6/6
  3228 | D:4      | Found a sand-covered staircase.
  3233 | Ossuary  | Entered an ossuary
  3284 | Ossuary  | Reached skill level 4 in Long Blades
  3284 | Ossuary  | Reached skill level 1 in Dodging
  3965 | D:4      | Gained mutation: You are partially covered in sharp spines. [demonic ancestry]
  3965 | D:4      | Reached XP level 7. HP: 17/53 MP: 7/7
  4131 | Temple   | Entered the Ecumenical Temple
  4629 | D:5      | Entered Level 5 of the Dungeon
  4641 | D:5      | Found Keari's Distillery.
  4705 | D:5      | Noticed Thargor's ghost (novice HuBe)
  4746 | D:5      | Killed Thargor's ghost
  4746 | D:5      | Reached skill level 5 in Long Blades
  4746 | D:5      | Reached skill level 5 in Armour
  4746 | D:5      | Gained mutation: You are partially covered in icy blue scales. (AC +2) [demonic ancestry]
  4746 | D:5      | Reached XP level 8. HP: 28/60 MP: 8/8
  4973 | D:5      | Reached skill level 6 in Long Blades
  5062 | D:5      | Noticed Sigmund
  5075 | D:5      | Killed Sigmund
  5192 | D:5      | Found a radiant altar of Vehumet.
  5252 | D:5      | Found an iron altar of Okawaru.
  5266 | D:5      | Became a worshipper of Warmaster Okawaru
  5330 | D:5      | Reached skill level 7 in Long Blades
  5396 | D:6      | Found a glowing drain.
  5427 | Sewer    | Entered a sewer
  5762 | Sewer    | Reached XP level 9. HP: 66/67 MP: 9/9
  5881 | Sewer    | Reached skill level 5 in Shields
  5943 | Sewer    | Reached skill level 5 in Fighting
  6128 | D:6      | Reached * piety under Okawaru
  6345 | D:6      | Found a glowing silver altar of Zin.
  6497 | D:6      | Reached skill level 8 in Long Blades
  6769 | D:7      | Noticed a two-headed ogre
  6776 | D:7      | Killed a two-headed ogre
  6776 | D:7      | Reached skill level 1 in Stealth
  6827 | D:7      | Found a runed door.
  6831 | D:7      | Noticed Crazy Yiuf
  6835 | D:7      | Killed Crazy Yiuf
  6893 | D:7      | Found Atreas Fesaa's Food Shop.
  6962 | D:7      | Noticed Prince Ribbit
  6974 | D:7      | Killed Prince Ribbit
  6974 | D:7      | Reached ** piety under Okawaru
  6974 | D:7      | Reached skill level 9 in Long Blades
  7725 | D:8      | Noticed a two-headed ogre
  7743 | D:8      | Killed a two-headed ogre
  7743 | D:8      | Gained mutation: You are powered by pain. [demonic ancestry]
  7743 | D:8      | Reached XP level 10. HP: 32/76 MP: 10/10
  7861 | D:8      | Got a steaming hand axe
  7862 | D:8      | Identified the cursed +1 hand axe of the Extremes {vamp, rF+++ rN++ Dex-4} (You found it on level 8 of the Dungeon)
  7923 | D:8      | Found a hazy altar of Hepliaklqana.
  8579 | D:9      | Noticed Grum
  8603 | D:8      | Reached *** piety under Okawaru
  8799 | D:8      | Killed Grum
  9096 | D:9      | Found a glowing golden altar of the Shining One.
  9144 | D:9      | Found a staircase to the Lair.
  9156 | D:9      | Found an ornate altar of the Wu Jian Council.
  9200 | D:9      | Noticed a two-headed ogre
  9394 | D:8      | Killed a two-headed ogre
  9394 | D:8      | Reached **** piety under Okawaru
  9394 | D:8      | Reached skill level 10 in Long Blades
  9394 | D:8      | Reached skill level 1 in Evocations
  9396 | D:8      | HP: 3/76 [orc priest/divine providence (15)]
 10032 | D:10     | Entered Level 10 of the Dungeon
 10221 | D:10     | Gained mutation: You are mostly covered in icy blue scales. (AC +3) [demonic ancestry]
 10221 | D:10     | Reached XP level 11. HP: 82/82 MP: 11/11
 10876 | D:11     | Reached ***** piety under Okawaru
 10891 | D:11     | Noticed a cyan ugly thing
 10895 | D:11     | Noticed a cyan ugly thing
 11222 | Lair:1   | Entered Level 1 of the Lair of Beasts
 11261 | Lair:1   | Noticed an eight-headed hydra
 11548 | Lair:1   | Received a gift from Okawaru
 11598 | Lair:1   | Killed a three-headed hydra
 11985 | Lair:2   | Reached skill level 11 in Long Blades
 12288 | Lair:2   | Noticed a five-headed hydra
 12295 | Lair:2   | Noticed a five-headed hydra
 12313 | Lair:2   | Killed a one-headed hydra
 12314 | Lair:2   | Killed a one-headed hydra
 12314 | Lair:2   | Reached skill level 1 in Axes
 12528 | Lair:2   | Gained mutation: You are completely covered in icy blue scales. (AC +4, rC+) [demonic ancestry]
 12528 | Lair:2   | Reached XP level 12. HP: 67/91 MP: 12/12
 13131 | Lair:3   | Reached ****** piety under Okawaru
 13232 | Lair:3   | Received a gift from Okawaru
 13280 | Lair:3   | Noticed a five-headed hydra
 13290 | Lair:3   | Killed a one-headed hydra
 13308 | Lair:3   | Noticed Snorg
 13334 | Lair:3   | Killed Snorg
 13978 | Lair:4   | Found a shimmering altar of Xom.
 13989 | Lair:4   | Found a staircase to the Swamp.
 14395 | Lair:4   | Found a staircase to the Snake Pit.
 14421 | Lair:4   | Noticed Urug
 14449 | Lair:4   | Killed Urug
 14449 | Lair:4   | Reached skill level 5 in Dodging
 14508 | Lair:4   | Found a dark tunnel.
 14513 | Volcano  | Entered a volcano
 14632 | Volcano  | Noticed a two-headed ogre
 14632 | Volcano  | Noticed a hell hog
 14644 | Volcano  | Killed a hell hog
 14644 | Volcano  | Reached skill level 12 in Long Blades
 14664 | Volcano  | Killed a two-headed ogre
 14664 | Volcano  | Received a gift from Okawaru
 14664 | Volcano  | Reached skill level 10 in Shields
 14899 | Volcano  | Noticed a two-headed ogre
 14906 | Volcano  | Killed a two-headed ogre
 16562 | Lair:5   | Found a staircase to the Slime Pits.
 16563 | Lair:5   | Found a viscous altar of Jiyva.
 16826 | Lair:5   | Reached XP level 13. HP: 92/99 MP: 13/13
 17020 | Lair:6   | Entered Level 6 of the Lair of Beasts
 17044 | Lair:6   | Received a gift from Okawaru
 17061 | Lair:6   | Identified a +2 pair of boots of running (Okawaru gifted it to you on level 6 of the Lair of Beasts)
 17126 | Lair:6   | Found a labyrinth entrance.
 17146 | Lab      | Entered a labyrinth
 17356 | Lab      | Noticed a minotaur
 17368 | Lab      | Killed a minotaur
 17370 | Lab      | Got a transparent marble ring
 17530 | Lab      | Got a shimmering hand crossbow
 17544 | Lab      | Identified the ring "Saty" {+Blink EV+5 Slay+3} (You took it off a minotaur in a labyrinth)
 17547 | Lab      | Identified the +11 hand crossbow of Eternal Vigilance {freeze, *Drain rPois Int+4 Dex+3} (You found it in a labyrinth)
 18292 | Lair:6   | Noticed a dire elephant
 18316 | Lair:6   | Killed a dire elephant
 18316 | Lair:6   | Reached skill level 1 in Invocations
 18401 | Lair:6   | Reached skill level 13 in Long Blades
 18422 | Lair:6   | Identified Sif Muna's Grimoire of Virous Attacks
 19184 | D:11     | Received a gift from Okawaru
 19757 | D:11     | Found a deep blue altar of Sif Muna.
 20038 | D:11     | Found a staircase to the Orcish Mines.
 20157 | D:12     | Received a gift from Okawaru
 20182 | D:12     | Gained mutation: You are robust. (+10% HP) [demonic ancestry]
 20182 | D:12     | Reached XP level 14. HP: 77/118 MP: 9/14
 20848 | Orc:1    | Entered Level 1 of the Orcish Mines
 21446 | Orc:2    | Entered Level 2 of the Orcish Mines
 21471 | Orc:2    | Found a roughly hewn altar of Beogh.
 21496 | Orc:2    | Found Xobes's Jewellery Emporium.
 21526 | Orc:2    | Found Viohait's Antique Weapon Emporium.
 21555 | Orc:2    | Found a staircase to the Elven Halls.
 21743 | Orc:2    | Found Jegurra's Gadget Shoppe.
 21806 | Orc:2    | Found a roughly hewn altar of Beogh.
 21907 | Orc:2    | Reached skill level 14 in Long Blades
 21977 | Orc:2    | Noticed an orc warlord
 22007 | Orc:2    | Killed an orc warlord
 22007 | Orc:2    | Received a gift from Okawaru
 22124 | Orc:2    | Paralysed by an orc sorcerer for 3 turns
 22409 | Orc:2    | Found Vitaoc's Antique Weapon Shoppe.
 22410 | Orc:2    | Found a roughly hewn altar of Beogh.
 22411 | Orc:2    | Found Jala's Antique Armour Emporium.
 22424 | Orc:2    | Bought a transparent scimitar for 216 gold pieces
 22424 | Orc:2    | Identified the +5 scimitar "Jellybane" {holy, +Blink rElec} (You bought it in a shop on level 2 of the Orcish Mines)
 22766 | Orc:2    | Found Jotoxus's Food Boutique.
 22806 | Orc:2    | Found a roughly hewn altar of Beogh.
 22864 | Orc:2    | Found a roughly hewn altar of Beogh.
 22874 | Orc:2    | Reached skill level 10 in Fighting
 22877 | Orc:2    | Found Ekyzijeuwi's Antique Weapon Shoppe.
 23388 | D:13     | Found Roukung's Gadget Boutique.
 23844 | D:13     | Found a portal to a secret trove of treasure.
 24152 | D:13     | Received a gift from Okawaru
 24322 | D:13     | Found a gate to the Vaults.
 24366 | D:13     | Found Wuejar's Distillery.
 24372 | D:13     | Bought a potion of agility for 60 gold pieces
 24451 | D:14     | Noticed Nessos
 24465 | D:14     | Killed Nessos
 24582 | D:14     | Found a glowing golden altar of the Shining One.
 24606 | D:14     | Reached skill level 10 in Armour
 24829 | D:14     | Noticed Roxanne
 24855 | D:14     | Killed Roxanne
 24856 | D:14     | Identified Roxanne's Reference Book on Earth (You took it off Roxanne on level 14 of the Dungeon)
 24889 | D:14     | Gained mutation: You have sharp toenails. [demonic ancestry]
 24889 | D:14     | Reached XP level 15. HP: 69/128 MP: 14/16
 25196 | D:14     | Received a gift from Okawaru
 25537 | D:14     | Got a faintly glowing brass ring
 25753 | D:14     | Got a translucent brass ring
 25753 | D:14     | Got an ancient platinum amulet
 25753 | D:14     | Got an ancient steel ring
 25760 | D:14     | Got an encrusted chain mail {god gift}
 25873 | D:14     | Identified the +1 chain mail of Modesty {rC+} (Okawaru gifted it to you on level 14 of the Dungeon)
 25884 | D:14     | Identified the ring "Qijiam" {rF+ rN+ Str-2 Dex+3} (You found it on level 14 of the Dungeon)
 25886 | D:14     | Identified the ring "Apig" {*Tele Slay+2} (You took it off an orc warrior on level 14 of the Dungeon)
 25888 | D:14     | Identified the ring of Fuvebb {rPois rN+ MP-9 Int+3} (You took it off a centaur warrior on level 14 of the Dungeon)
 25890 | D:14     | Identified the amulet "Xunkah" {Gourm *Corrode Str+8} (You took it off a death knight on level 14 of the Dungeon)
 26050 | D:15     | Entered Level 15 of the Dungeon
 26900 | D:15     | Reached skill level 15 in Long Blades
 27476 | D:15     | Found a staircase to the Depths.
 27963 | Snake:1  | Entered Level 1 of the Snake Pit
 28116 | Snake:1  | Received a gift from Okawaru
 28404 | Snake:1  | Gained mutation: You are mostly covered in sharp spines. [demonic ancestry]
 28404 | Snake:1  | Reached XP level 16. HP: 28/139 MP: 8/17
 28959 | Snake:1  | Received a gift from Okawaru
 29117 | Snake:1  | Got a translucent helmet
 29128 | Snake:1  | Identified the -2 helmet "Hedogo" {Str+6 Int+4} (You found it on level 1 of the Snake Pit)
 29814 | Snake:2  | Got a smoking battleaxe
 29872 | Snake:2  | Noticed Aizul
 29893 | Snake:2  | Killed Aizul
 30336 | Snake:2  | Noticed Vashnia
 30744 | Snake:2  | Noticed Nikola
 30762 | Snake:2  | Killed from afar by Nikola

Skill      XL: |  1  2  3  4  5  6  7  8  9 10 11 12 13 14 15 16 |
---------------+-------------------------------------------------+-----
Long Blades    | 2 3 4 5 7 9 10 11 12 13 14 15 | 15.4
Shields        | 3 4 5 7 9 10 11 13 14 | 14.7
Armour         | 3 4 5 6 7 8 9 10 | 10.9
Dodging        | 1 2 3 4 5 |  5.6
Fighting       | 4 5 6 7 8 9 10 11 12 | 12.0
Stealth        | 1 2 |  2.2
Evocations     | 1 |  1.3
Axes           | 1 |  1.4
Invocations    | 1 2 |  2.0

Action                   |  1- 3 |  4- 6 |  7- 9 | 10-12 | 13-15 | 16-18 || total
-------------------------+-------+-------+-------+-------+-------+-------++-------
Melee: Long sword        |   143 |   260 |   350 |   486 |       |       ||  1239
       Scimitar          |       |       |       |   249 |       |       ||   249
       Hand axe          |       |       |       |    23 |       |       ||    23
       Demon blade       |       |       |       |   108 |  1566 |   135 ||  1809
Invok: Heroism           |       |       |       |     4 |     6 |     1 ||    11
Evoke: Wand              |       |       |     5 |     5 |       |     7 ||    17
  Use: Scroll            |       |    12 |     9 |     7 |    10 |     2 ||    40
       Potion            |       |     4 |     2 |     4 |       |     1 ||    11
 Stab: Petrified         |       |       |       |       |     1 |       ||     1
  Eat: Chunk             |     1 |     6 |    11 |    29 |    42 |     7 ||    96
       Ration            |       |     1 |     1 |     1 |       |       ||     3
Armor: Scale mail        |    87 |   121 |    99 |    19 |       |       ||   326
       Chain mail        |       |       |       |   374 |   134 |       ||   508
       Plate armour      |       |       |       |       |   235 |    31 ||   266
Dodge: Dodged            |    46 |    98 |    88 |   218 |   400 |    27 ||   877
Block: Shield            |    88 |   133 |   129 |   717 |   988 |    68 ||  2123
       Reflection        |       |       |       |     9 |    43 |       ||    52
       Rpst.: Long sword |    17 |    30 |    24 |    45 |       |       ||   116
       Scimitar          |       |       |       |    10 |       |       ||    10
       Demon blade       |       |       |       |     9 |   104 |     6 ||   119
